 Dungeon Crawl Stone Soup version 0.27.0-1-g7a089689b8 (console) character file.

Game seed: 16248750363187734802

49 Banquo the Chopper (level 3, -6/33 HPs)
             Began as a Hill Orc Fighter on Aug 9, 2021.
             Was a Follower of Vehumet.
             Mangled by a gnoll (9 damage)
             ... on level 2 of the Dungeon.
             The game lasted 00:02:33 (1170 turns).

Banquo the Chopper (Hill Orc Fighter)               Turns: 1170, Time: 00:02:34

Health: -6/33      AC:  6    Str: 18    XL:     3   Next: 75%
Magic:  3/3        EV:  7    Int:  9    God:    Vehumet [*.....]
Gold:   63         SH:  9    Dex: 10    Spells: 1/2 levels left

rFire    . . .     SeeInvis .   a - +0 war axe
rCold    . . .     Faith    .   c - +0 kite shield
rNeg     . . .     Spirit   .   b - +0 scale mail
rPois    .         Reflect  .   (no helmet)
rElec    .         Harm     .   (no cloak)
rCorr    .         Rampage  .   (no gloves)
Will     .....                  (no boots)
Stlth    ..........             (no amulet)
HPRegen  0.11/turn              (no ring)
MPRegen  0.08/turn              (no ring)

@: no status effects
A: no striking features
a: Renounce Religion


You were on level 2 of the Dungeon.
You worshipped Vehumet.
Vehumet was aware of your devotion.
You visited 1 branch of the dungeon, and saw 2 of its levels.

You collected 63 gold pieces.

Inventory:

Hand Weapons
 a - a +0 war axe (weapon)
 k - a +0 spear
Missiles
 e - 97 stones (quivered)
Armour
 b - a +0 scale mail (worn)
 c - a +0 kite shield (worn)
Jewellery
 p - an amulet of guardian spirit
Scrolls
 g - a scroll of magic mapping {unknown}
 i - a scroll of summoning {unknown}
 j - a scroll of teleportation {unknown}
 n - a scroll of fog {unknown}
 q - 2 scrolls of identify {unknown}
Potions
 d - a potion of might
 f - a potion of magic {unknown}
 h - a potion of curing {unknown}
 l - a potion of degeneration {unknown}
 m - a potion of lignification {unknown}
 o - a potion of heal wounds {unknown}


   Skills:
 + Level 3.8 Fighting
 * Level 4.7 Axes
 * Level 3.5 Armour
 * Level 3.4 Shields


You had one spell level left.
You knew the following spells:

 Your Spells              Type           Power      Damage    Failure   Level
a - Shock                 Conj/Air       0%         1d3       99%         1

Your spell library contained the following spells:

 Spells                   Type           Power      Damage    Failure   Level
 Gell's Gravitas          Tloc           0%         N/A       100%        3
 Teleport Other           Tloc           0%         N/A       100%        3
 Dispersal                Tloc           0%         N/A       100%        6


Dungeon Overview and Level Annotations

Branches:
Dungeon (2/15)

Altars:
Vehumet

Annotations:
D:2 Natasha


Message History

A giant cockroach comes into view.
Found 4 gold pieces.
The giant cockroach bites you but does no damage.
You see here a scroll labelled RUN WEPSERU.
You slash the giant cockroach!
You kill the giant cockroach!
Vehumet accepts your kill.
No target in view!
No target in view!
q - 2 scrolls labelled RUN WEPSERU (gained 1)
A gnoll comes into view. It is wielding a +0 spear.
The gnoll shouts!
The gnoll moves out of view.
A gnoll comes into view. It is wielding a +0 flail.
The gnoll shouts!
You hear a shout!
You hear an angry hiss.
A gnoll comes into view. It is wielding a +0 halberd.
Natasha, Servant of Life and Death comes into view.
Natasha hisses.
The gnoll hits you with a +0 flail. You block the gnoll's attack. x2
You slash the gnoll!
The gnoll is severely wounded.
You closely miss the gnoll. You block the gnoll's attack.
The gnoll closely misses you. The gnoll hits you but does no damage.
You block the gnoll's attack. The gnoll closely misses you.
The gnoll hits you but does no damage.
You slash the gnoll!
You kill the gnoll!
Vehumet accepts your kill.
You hit the gnoll but do no damage.
The gnoll hits you from afar with a +0 halberd!
The gnoll hits you with a +0 flail. Natasha claws you but does no damage.
You are too injured to fight recklessly!
You are too injured to fight recklessly!
You are too injured to fight recklessly!
You barely miss Natasha. You slash the gnoll! The gnoll barely misses you. x2
Natasha closely misses you.
The gnoll hits you from afar with a +0 halberd!
* * * LOW HITPOINT WARNING * * *
The gnoll hits you with a +0 flail!
You die...

###.###..####.#
#.# #...# #..##
# #.# #.###
#...# #.# #.#
##†.# #.. #.#
#..# ### #.#
##.## #.# #..#
#.# #..# #.###
#@$# #...# #hg#
###.# ..g.. #.#
###..## #.# ..#
#.# ... #.#
#..# #.#.# ..#
#.#.#


You could see Natasha and 2 gnolls.

Vanquished Creatures
  A gnoll (D:2)
  An adder (D:2)
  A worm (D:2)
  A dart slug (D:1)
  3 bats (D:1)
  2 giant cockroaches (D:2)
  2 goblins (D:1)
  5 jackals (D:1)
  4 ball pythons
  A frilled lizard (D:2)
  2 kobolds (D:1)
  3 rats
26 creatures vanquished.

Notes
Turn   | Place    | Note
-------+----------+-------------------------------------------
     0 | D:1      | Banquo the Hill Orc Fighter began the quest for the Orb.
     0 | D:1      | Reached XP level 1. HP: 19/19 MP: 1/1
    24 | D:1      | Found a faded altar of an unknown god.
    32 | D:1      | Became a worshipper of Vehumet
    32 | D:1      | Reached * piety under Vehumet
    32 | D:1      | Offered knowledge of Shock by Vehumet.
    34 | D:1      | Reached skill level 3 in Axes
   168 | D:1      | Reached XP level 2. HP: 22/26 MP: 2/2
   307 | D:1      | Reached skill level 4 in Axes
   372 | D:1      | Learned a level 1 spell: Shock
   921 | D:2      | Reached XP level 3. HP: 33/33 MP: 3/3
  1165 | D:2      | Noticed Natasha
  1170 | D:2      | Mangled by a gnoll

Illustrated notes

Levels and vault maps discovered:
D:1:      enne_arrival_octagon_isle, layout_loops_ring,
          chequers_ecumenical_altar_simple_redux, minmay_tromino_i4
D:2:      layout_basic, uniq_natasha

Skill      XL: |  1  2 |
---------------+-------+-----
Axes           | 3 4 |  4.7
Fighting       | |  3.8
Armour         | |  3.5
Shields        | |  3.4

Action                   || total
-------------------------++-------
Melee: War axe           ||    73
Armor: Scale mail        ||    33
Dodge: Dodged            ||    24
Block: Kite shield       ||    41
